 Dungeon Crawl Stone Soup version 0.28-a0-983-g1de4e0787c (console) character file.

Game seed: 8847204025998706777

90 petzl the Vexing (level 4, 0/29 HPs)
             Began as an Octopode Arcane Marksman on Dec 3, 2021.
             Slain by a river rat (5 damage)
             ... in a sewer.
             The game lasted 00:05:15 (2628 turns).

petzl the Vexing (Octopode Arcane Marksman)         Turns: 2628, Time: 00:05:16

Health: 0/29       AC:  1    Str:  9    XL:     4   Next: 56%
Magic:  6/6        EV: 13    Int: 17    God:
Gold:   64         SH:  0    Dex: 12    Spells: 5/6 levels left

rFire   . . .      SeeInvis .   a - +0 hand axe {!f =f}
rCold   + . .      Faith    .   (no shield)
rNeg    . . .      Spirit   .   (helmet restricted)
rPois   .          Reflect  .   (no amulet)
rElec   .          Harm     .   k - ring of protection from cold
rCorr   .          Rampage  .   (no ring)
Will    .....                   (no ring)
Stlth   +++.......              (no ring)
HPRegen 0.09/turn               (no ring)
MPRegen 0.10/turn               (no ring)
                                (no ring)
                                (no ring)

@: no status effects
A: almost no armour, amphibious, 8 rings, camouflage 1, gelatinous body 1,
(nimble swimmer 1), tentacles
a: no special abilities


You were in a sewer.
You visited 1 branch of the dungeon, and saw 3 of its levels.
You also visited: Sewer.

You collected 64 gold pieces.

Inventory:

Hand Weapons
 a - a +0 hand axe (weapon) {!f =f}
 b - a +0 hand crossbow
Missiles
 c - 15 bolts
Magical Staves
 n - a staff of poison
Jewellery
 i - an amulet of the acrobat
 k - a ring of protection from cold (left tentacle)
 l - a ring of positive energy
Scrolls
 d - a scroll of identify {unknown}
 f - a scroll of fog {unknown}
 g - a scroll of enchant weapon {unknown}
 h - a scroll of amnesia {unknown}
 m - a scroll of teleportation {unknown}
Potions
 o - a potion of haste {unknown}


   Skills:
 + Level 1.9 Fighting
 + Level 2.7 Crossbows
 + Level 2.6 Dodging
 + Level 2.3 Stealth
 + Level 1.9 Spellcasting
 - Level 3.0 Hexes


You had 5 spell levels left.
You knew the following spells:

 Your Spells              Type           Power      Damage    Failure   Level
a - Slow                  Hex            44%        N/A       6%          1

Your spell library contained the following spells:

 Spells                   Type           Power      Damage    Failure   Level
 Inner Flame              Hex/Fire       6%         N/A       32%         3
 Portal Projectile        Hex/Tloc       12%        N/A       32%         3
 Cause Fear               Hex            5%         N/A       50%         4


Dungeon Overview and Level Annotations

Branches:
Dungeon (3/15)              Sewer (1/1)

Altars:

Annotations:
D:3 1 runed translucent door, Crazy Yiuf, Robin


Innate Abilities, Weirdness & Mutations

You cannot wear most types of armour.
You are amphibious.
You can wear up to eight rings at the same time.
Your skin changes colour to match your surroundings (Stealth+).
Your rubbery body absorbs attacks. (AC +1, EV +1)
((You are camouflaged near water. (Stealth+)))
You have tentacles for arms and can constrict up to eight enemies at once.


Message History

The rat twitches its whiskers.
The ball python bites you. The ball python grabs you.
The ball python constricts you.
You escape the ball python's grasp.
You closely miss the adder. Your grab misses the adder.
The adder closely misses you. The ball python bites you.
* * * LOW HITPOINT WARNING * * *
The ball python grabs you. The ball python constricts you.
* * * LOW HITPOINT WARNING * * *
You escape the ball python's grasp.
The adder misses you.
There is an empty arch of ancient stone here.
You barely miss the adder. You grab the adder. You constrict the adder.
The adder bites you.
* * * LOW HITPOINT WARNING * * *
You are poisoned.
The adder poisons you!
It was a potion of curing.
You feel better.
You constrict the adder. The adder bites you. x2
You are poisoned.
The adder poisons you!
You barely miss the adder.
The adder is moderately wounded.
You constrict the adder.
You feel sick. The adder closely misses you.
You hit the adder.
You kill the adder!
You feel sick. The ball python misses you. The ball python grabs you.
The ball python constricts you.
* * * LOW HITPOINT WARNING * * *
You closely miss the ball python. Your grab misses the ball python.
You squeeze the ball python.
You kill the ball python!
You feel sick.
You are no longer poisoned.
You aren't carrying any items that you can evoke.
Unknown command.
Unknown command.
Unknown command.
Unknown command.
Unknown command.
You start putting on your amulet.
You continue putting on your amulet of the acrobat.
The river rat barely misses you.
You continue putting on your amulet of the acrobat.
The river rat bites you.
Keep equipping yourself?
You die...

≈≈≈...# #.
≈≈≈≈....#..
.≈≈≈≈≈......#
..≈≈≈≈......
..≈≈≈......#
..≈≈.......##
...≈≈........##
#......≈≈.......rr##
#......≈≈.......#rr#
......≈≈.....r###r#
.....≈r.r....###@#
#..r≈≈.......####
#..≈≈≈....†.##
##.†≈≈≈.......#
..#..≈††≈.......##
#.....≈≈≈≈≈....†..#
#.....≈≈≈≈≈.......#
#.....≈≈≈≈≈.......#
......≈≈≈≈≈≈.....##
.....≈≈≈≈≈≈≈....##
....#≈≈≈≈≈≈≈....#
...##≈≈≈≈≈≈≈....# ..
≈≈≈≈≈≈≈≈.....


You could see a river rat and 4 rats.

Vanquished Creatures
  3 adders
  A river rat (D:3)
  5 dart slugs
  3 bats
  2 endoplasms (D:1)
  3 giant cockroaches
  4 goblins
  3 hobgoblins
  2 jackals (D:3)
  6 ball pythons
  A frilled lizard (D:2)
  7 kobolds
  7 rats
47 creatures vanquished.

Notes
Turn   | Place    | Note
-------+----------+-------------------------------------------
     0 | D:1      | petzl the Octopode Arcane Marksman began the quest for the
                  | Orb.
     0 | D:1      | Reached XP level 1. HP: 13/13 MP: 2/2
   187 | D:1      | Reached XP level 2. HP: 18/18 MP: 3/3
   199 | D:1      | Reached skill level 1 in Stealth
   643 | D:1      | Reached XP level 3. HP: 23/23 MP: 5/5
  2093 | D:3      | Noticed Robin
  2193 | D:3      | Found a runed translucent door.
  2194 | D:3      | Noticed Crazy Yiuf
  2291 | D:3      | Reached XP level 4. HP: 14/29 MP: 6/6
  2559 | D:3      | Found a glowing drain.
  2572 | Sewer    | Entered a sewer
  2628 | Sewer    | Slain by a river rat

Illustrated notes

Levels and vault maps discovered:
D:1:      psy_arrival_dodecagon, layout_basic
D:2:      layout_basic
D:3:      layout_basic, portal_sewer_entry_b, uniq_robin,
          uniq_crazy_yiuf_cottage, uniq_jessica
Sewer:    sewer_minmay_treatment

Skill      XL: |  1  2  3 |
---------------+----------+-----
Stealth        | 1 2 |  2.3
Fighting       | |  1.9
Crossbows      | |  2.7
Dodging        | |  2.6
Spellcasting   | |  1.9
Hexes          | |  3.0

Action                   |  1- 3 |  4- 6 || total
-------------------------+-------+-------++-------
Melee: Hand axe          |    45 |    25 ||    70
       Constrict         |    11 |     8 ||    19
       Tentacles         |     8 |     1 ||     9
 Fire: Hand crossbow     |    40 |       ||    40
 Cast: Slow              |     1 |     2 ||     3
  Use: Potion            |       |     3 ||     3
 Stab: Sleeping          |     7 |       ||     7
Armor: Skin              |    10 |     2 ||    12
Dodge: Dodged            |    41 |    34 ||    75

Table legend: (Time is in decaauts)
 A = Elapsed time spent in this place.
 B = Non-inter-level travel time spent in this place.
 C = Inter-level travel time spent in this place.
 D = Time resting spent in this place.
 E = Time spent auto-exploring this place.
 F = Levels seen in this place.
 G = Mean time per level.
                   A        B        C        D        E       F      G
               +--------+--------+--------+--------+--------+-----+--------+
         Total |   2661 |   2529 |    132 |    437 |   1638 |   4 |  665.2 |
       Dungeon |   2602 |   2470 |    132 |    437 |   1638 |   3 |  867.3 |
         Sewer |     58 |     58 |      0 |      0 |      0 |   1 |   58.0 |
               +--------+--------+--------+--------+--------+-----+--------+

Top non-repeatable levels by time:
     D:1: 1276 daAuts
     D:2: 1110 daAuts
     D:3: 215 daAuts
   Sewer: 58 daAuts
